 Dungeon Crawl Stone Soup version 0.25-a0-589-g1e14c549ee (webtiles) character file.

Game seed: 15953162349029255803, levelgen mode: deterministic

1561 ipx the Cleaver (level 8, -6/73 HPs)
             Began as a Hill Orc Fighter on Mar 11, 2020.
             Was an Initiate of Fedhas.
             Mangled by an ice beast (14 damage)
             ... on level 9 of the Dungeon.
             The game lasted 00:23:06 (1993 turns).

ipx the Cleaver (Hill Orc Fighter)                  Turns: 1993, Time: 00:23:07

Health: -6/73      AC: 17    Str: 19    XL:     8   Next: 89%
Magic:  17/17      EV:  4    Int:  8    God:    Fedhas [......]
Gold:   34         SH: 11    Dex: 12    Spells: 7/7 levels left

rFire    + . .     SeeInvis .   a - +8 whip "Bokluvan" {vamp, MR+}
rCold    . . .     Gourm    .   c - +0 kite shield
rNeg     . . .     Faith    .   i - +1 plate armour {rF+}
rPois    .         Spirit   .   k - +2 helmet
rElec    .         Reflect  .   l - +0 cloak
rCorr    .         Harm     .   (no gloves)
MR       +....                  (no boots)
Stlth    ..........             (no amulet)
HPRegen  0.22/turn              S - ring of stealth
MPRegen  0.15/turn              U - ring of magical power

@: hasted, very quick
A: no striking features
a: Renounce Religion


You were on level 9 of the Dungeon.
You worshipped Fedhas.
Fedhas was noncommittal.
You were hungry.

You visited 2 branches of the dungeon, and saw 10 of its levels.

You collected 310 gold pieces.
You spent 276 gold pieces at shops.

Inventory:

Hand Weapons
 a - the +8 whip "Bokluvan" (weapon) {vamp, MR+}
   (You took it off an orc on level 4 of the Dungeon)

   It inflicts no extra harm, but heals its wielder when it wounds a living foe.
   It affects your resistance to hostile enchantments.
 b - a +0 war axe
 h - a +0 hunting sling
Missiles
 g - 39 sling bullets
 A - 4 boomerangs (quivered)
Armour
 c - a +0 kite shield (worn)
 i - a +1 plate armour of fire resistance (worn)
 k - a +2 helmet (worn)
 l - a +0 cloak (worn)
 o - a +0 scale mail
 s - the +3 scale mail "Fuf Kau" {rCorr}
   (You found it on level 5 of the Dungeon)

   It provides partial protection from all sources of acid and corrosion.
Jewellery
 S - a ring of stealth (left hand)
 U - a ring of magical power (right hand)
Wands
 d - a wand of digging (7)
 m - a wand of random effects (1)
 r - a wand of iceblast (11)
Scrolls
 n - a scroll of fog
 t - a scroll of remove curse
 v - a scroll of fear {unknown}
 x - a scroll of immolation {unknown}
 y - 2 scrolls of enchant weapon {unknown}
 z - a scroll of magic mapping {unknown}
Potions
 e - a potion of curing
 j - 2 potions of haste
 q - a potion of might
 u - a potion of flight {unknown}
 w - a potion of resistance {unknown}
Comestibles
 f - 7 rations


   Skills:
 + Level 7.4 Fighting
 - Level 8.0 Axes
 + Level 5.0 Armour
 + Level 7.9 Shields


You had 7 spell levels left.
You didn't know any spells.
Your spell library was empty.

Dungeon Overview and Level Annotations

Branches:
Dungeon (9/15)             Temple (1/1) D:5
   Lair: D:8-11         Orc: D:9-12

Altars:
Ashenzari
Dithmenos
Fedhas
Qazlal
Ru
Vehumet
The Shining One

Shops:
D:4 *   D:7 :


Message History

You block the hornet's attack.
The ice beast hits you but does no damage.
The gnoll hits you with a +0 flail!
* * * LOW HITPOINT WARNING * * *
You block the hornet's attack.
You hit the hornet.
The hornet is heavily wounded.
You feel yourself speed up.
The hornet stings you but does no damage.
You block the ice beast's attack.
You whack the hornet!
You feel better.
The hornet is severely wounded.
You block the gnoll's attack. You block the hornet's attack.
You hit the hornet.
The hornet is almost dead.
The ice beast hits you.
* * * LOW HITPOINT WARNING * * *
The ice beast freezes you!
You die...
Fedhas appreciates your contribution to the ecosystem.

##############.
......Y@g.....(
.......y.......
#######...>....
#........
#........
#........
#........
#........


You could see a hornet, an ice beast and a gnoll.

Vanquished Creatures
  A hippogriff (D:6)
  Sigmund (D:4)
  An orc warrior (D:6)
  An ice beast (D:7)
  3 ogres (D:6)
  A bullfrog (D:7)
  A scorpion (D:6)
  A water moccasin skeleton (D:6)
  A howler monkey (D:5)
  A crimson imp (D:4)
  A jelly (D:5)
  A bullfrog zombie (D:6)
  Crazy Yiuf (D:2)
  2 orc priests (D:7)
  A hound (D:4)
  2 worker ants
  3 orc wizards
  A hound zombie (D:5)
  Robin (D:3)
  4 gnolls
  5 adders
  An ooze (D:3)
  An adder skeleton (D:6)
  2 worms (D:2)
  2 dart slugs
  6 leopard geckos
  25 orcs
  A ball python (D:3)
  5 giant cockroaches
  15 goblins
  6 hobgoblins
  7 jackals
  5 kobolds
  A quokka (D:4)
  5 bats
  3 frilled lizards
  2 rats
121 creatures vanquished.

Notes
Turn   | Place    | Note
-------+----------+-------------------------------------------
     0 | D:1      | ipx the Hill Orc Fighter began the quest for the Orb.
     0 | D:1      | Reached XP level 1. HP: 19/19 MP: 1/1
    41 | D:1      | Reached skill level 3 in Axes
    71 | D:1      | Reached XP level 2. HP: 21/26 MP: 2/2
   124 | D:1      | Reached skill level 4 in Axes
   297 | D:1      | Reached XP level 3. HP: 19/31 MP: 3/3
   379 | D:2      | Found a runed translucent door.
   380 | D:2      | Noticed Crazy Yiuf
   387 | D:2      | Killed Crazy Yiuf
   387 | D:2      | Reached skill level 5 in Axes
   416 | D:2      | Reached XP level 4. HP: 16/39 MP: 4/4
   441 | D:2      | Found a stormy altar of Qazlal.
   528 | D:3      | Noticed Robin
   572 | D:3      | Killed Robin
   693 | D:3      | Reached skill level 6 in Axes
   736 | D:2      | Reached XP level 5. HP: 31/46 MP: 5/5
   822 | D:4      | Found Firustit's Assorted Antiques.
   835 | D:4      | Noticed Sigmund
   849 | D:4      | Killed Sigmund
   849 | D:4      | Reached skill level 5 in Fighting
   849 | D:4      | Reached skill level 7 in Axes
   849 | D:4      | Reached XP level 6. HP: 36/56 MP: 6/6
  1097 | D:4      | Identified the +8 whip "Bokluvan" {vamp, MR+}
  1131 | D:4      | Reached skill level 8 in Axes
  1131 | D:4      | Reached XP level 7. HP: 63/63 MP: 7/7
  1189 | D:4      | Bought a notched gilded ring for 100 gold pieces
  1199 | D:5      | Entered Level 5 of the Dungeon
  1405 | D:5      | Got a brightly glowing scale mail
  1416 | D:5      | Identified the +3 scale mail "Fuf Kau" {rCorr} (You found
                  | it on level 5 of the Dungeon)
  1496 | D:6      | Reached skill level 5 in Shields
  1579 | D:6      | Reached XP level 8. HP: 70/70 MP: 8/8
  1579 | D:6      | Noticed a hippogriff
  1620 | D:5      | Found a staircase to the Ecumenical Temple.
  1628 | Temple   | Entered the Ecumenical Temple
  1643 | Temple   | Became a worshipper of Fedhas Madash
  1781 | D:6      | Killed a hippogriff
  1851 | D:4      | Bought a diamond ring for 100 gold pieces
  1852 | D:4      | Bought a black potion for 18 gold pieces
  1852 | D:4      | Bought a scroll labeled OMUPAUN BIME for 20 gold pieces
  1852 | D:4      | Bought a fizzy ruby potion for 18 gold pieces
  1852 | D:4      | Bought a scroll labeled JOGOIMYDAN for 20 gold pieces
  1914 | D:7      | Found Quvofy's Book Boutique.
  1955 | D:7      | Noticed a hornet
  1967 | D:7      | Reached skill level 5 in Armour
  1973 | D:7      | Paralysed by a hornet for 3 turns
  1980 | D:8      | Paralysed by a hornet for 3 turns
  1993 | D:9      | Mangled by an ice beast

Levels and vault maps discovered:
D:1:      kennysheep_arrival_forest, layout_basic, kennysheep_decorative_pillar
D:2:      layout_basic, first_ration, grunt_qazlal_clouds,
          uniq_crazy_yiuf_cottage
D:3:      layout_rooms, uniq_robin, uniq_grinder
D:4:      layout_basic, serial_shops, kennysheep_mini_moat, uniq_sigmund
D:5:      layout_basic, temple_statues
D:6:      layout_rooms, hex_tiny
D:7:      layout_rooms, xom_butterflies, serial_shops, shop
D:8:      layout_cave_pools, grunt_lair_entry_orc_guard_hut, trog_hazing_becter
D:9:      layout_long_grid, hiddenorc1_lemuel
Temple:   regret_index_temple_sigil_plot

Skill      XL: |  1  2  3  4  5  6  7  8 |
---------------+-------------------------+-----
Axes           | 3 4 5 6 7 8 |  8.0
Fighting       | 4 5 6 7 |  7.4
Shields        | 6 7 |  7.9
Armour         | 5 |  5.0

Action                   |  1- 3 |  4- 6 |  7- 9 || total
-------------------------+-------+-------+-------++-------
Melee: War axe           |    67 |   154 |     9 ||   230
       Whip              |       |    14 |   164 ||   178
 Fire: Hunting sling     |       |     2 |       ||     2
Evoke: Wand              |       |       |     8 ||     8
  Use: Potion            |     1 |     1 |     4 ||     6
       Scroll            |       |     3 |     3 ||     6
 Stab: Paralysed         |       |       |     5 ||     5
  Eat: Chunk             |       |     1 |     3 ||     4
Armor: Scale mail        |    30 |    78 |    40 ||   148
       Plate armour      |       |       |    69 ||    69
Dodge: Dodged            |    16 |    45 |    41 ||   102
Block: Kite shield       |    39 |    67 |    93 ||   199

Table legend:
 A = Non-vault XP
 B = Vault XP
 C = Vault XP percentage of total XP
 D = Non-vault monster count
 E = Vault monster count
 F = Vault count percentage of total count
                 A         B        C        D         E       F
            +---------+---------+-------+---------+---------+-------
      Total |    1926 |     305 |  13.7 |     106 |      15 |  12.4
            +---------+---------+-------+---------+---------+-------
        D:1 |      32 |       0 |   0.0 |      17 |       0 |   0.0
        D:2 |      75 |      47 |  38.5 |      12 |       4 |  25.0
        D:3 |      42 |      31 |  42.5 |      17 |      10 |  37.0
        D:4 |     268 |     227 |  45.9 |      24 |       1 |   4.0
        D:5 |     178 |       0 |   0.0 |       9 |       0 |   0.0
        D:6 |     996 |       0 |   0.0 |      19 |       0 |   0.0
        D:7 |     335 |       0 |   0.0 |       8 |       0 |   0.0
            +---------+---------+-------+---------+---------+-------
